 Dungeon Crawl Stone Soup version 0.29.1-15-g9cfb28693d (webtiles) character file.

Game seed: 15754587228253359990

80 Renzlar the Shield-Bearer (level 4, -9/41 HPs)
             Began as a Gnoll Fighter on Mar 3, 2023.
             Killed by nerve-wracking pain
             ... invoked by Grinder
              (12 damage)
             ... on level 3 of the Dungeon.
             The game lasted 00:05:04 (2061 turns).

Renzlar the Shield-Bearer (Gnoll Fighter)           Turns: 2061, Time: 00:05:05

Health: -9/41      AC:  9    Str: 17    XL:     4   Next: 39%
Magic:  5/5        EV:  6    Int:  7    God:
Gold:   110        SH: 14    Dex: 12    Spells: 5/5 levels left

rFire   . . .      SeeInvis .   a - +0 war axe
rCold   . . .      Faith    .   j - +0 tower shield
rNeg    . . .      Spirit   .   b - +0 scale mail
rPois   .          Reflect  .   (no helmet)
rElec   .          Harm     .   (no cloak)
rCorr   .          Rampage  .   f - +0 pair of gloves
Will    .....                   (no boots)
Stlth   ..........              (no amulet)
HPRegen 0.13/turn               (no ring)
MPRegen 0.09/turn               (no ring)

@: mighty
A: fangs 1, strong nose, distributed training
a: no special abilities


You were on level 3 of the Dungeon.
You visited 1 branch of the dungeon, and saw 3 of its levels.

You collected 110 gold pieces.

Inventory:

Hand Weapons
 a - a +0 war axe (weapon)
 c - a +0 sling
Armour
 b - a +0 scale mail (worn)
 e - a +0 buckler
 f - a +0 pair of gloves (worn)
 j - a +0 tower shield (worn)
Jewellery
 g - a ring of fire
 i - a ring of ice
Wands
 l - a wand of iceblast (7)
Scrolls
 k - a scroll of identify
 n - a scroll of vulnerability {unknown}
Potions
 h - 4 potions of lignification
 m - a potion of mutation


   Skills:
 + Level 6.6 Fighting
 + Level 1.2 Short Blades
 + Level 1.2 Long Blades
 + Level 4.6 Axes
 + Level 1.2 Maces & Flails
 + Level 1.2 Polearms
 + Level 1.2 Staves
 + Level 1.2 Ranged Weapons
 + Level 1.2 Throwing
 + Level 6.6 Armour
 + Level 1.2 Dodging
 + Level 1.2 Stealth
 + Level 6.6 Shields
 + Level 1.2 Unarmed Combat
 + Level 1.2 Spellcasting
 + Level 1.0 Conjurations
 + Level 1.0 Hexes
 + Level 1.0 Summonings
 + Level 1.0 Necromancy
 + Level 1.0 Translocations
 + Level 1.0 Transmutations
 + Level 1.0 Fire Magic
 + Level 1.0 Ice Magic
 + Level 1.0 Air Magic
 + Level 1.0 Earth Magic
 + Level 1.0 Poison Magic
 + Level 1.3 Invocations
 + Level 1.2 Evocations


You had 5 spell levels left.
You didn't know any spells.
Your spell library contained the following spells:

 Spells                   Type           Power      Damage    Failure   Level
 Magic Dart               Conj           4%         1d3       100%        1
 Blink                    Tloc           2%         N/A       100%        2
 Call Imp                 Summ           1%         N/A       100%        2
 Gell's Gravitas          Tloc           1%         N/A       100%        3
 Lesser Beckoning         Tloc           1%         N/A       100%        3
 Mephitic Cloud           Conj/Pois/Air  1%         N/A       100%        3
 Teleport Other           Tloc           1%         N/A       100%        3
 Manifold Assault         Tloc           1%         N/A       100%        5


Dungeon Overview and Level Annotations

Branches:
Dungeon (3/15)

Altars:

Annotations:
D:3 Grinder


Innate Abilities, Weirdness & Mutations

You have very sharp teeth.
Your uncanny sense of smell can sniff out nearby items.
Your experience applies equally to all skills.


Message History

a - a +0 war axe (weapon)
Grinder hits you but does no damage.
You slash Grinder!
Grinder is moderately wounded.
Grinder hits you.
You writhe in agony.
Grinder hits you but does no damage.
You closely miss Grinder.
Grinder is moderately wounded.
You block Grinder's attack. Grinder gestures at you.
Pain shoots through your body!
You feel very mighty all of a sudden. You block Grinder's attack.
You slash Grinder!
Grinder is heavily wounded.
Grinder hits you.
You writhe in agony.
You slash Grinder!
Grinder is almost dead.
You block Grinder's attack. Grinder barely misses you.
You closely miss Grinder. You bite Grinder.
Grinder is almost dead.
Grinder blinks!
Grinder gestures at you.
You barely resist.
You see here 13 gold pieces.
Grinder says, "I used to sell toenails on the black market."
Grinder gestures at you.
You suddenly lose the ability to move!
Grinder hits you.
You writhe in agony.
Grinder gestures at you. Pain shoots through your body!
* * * LOW HITPOINT WARNING * * *
You can move again.
Unknown command.
Unknown command.
You barely miss Grinder.
Grinder is almost dead.
Grinder blinks! x2
Grinder gestures at you. Pain shoots through your body!
You die...

#.#########
#..§.§.@.5#
#########.#
#.# #.# #.#
#.# #.# #.#
#.#


You could see Grinder.

Vanquished Creatures
  3 adders
  3 worms
  2 dart slugs
  An orc (D:3)
  3 ball pythons
  3 endoplasms
  2 giant cockroaches (D:3)
  4 goblins
  7 kobolds
  4 quokkas
  3 bats (D:1)
  A frilled lizard (D:2)
  2 rats
38 creatures vanquished.

Notes
Turn   | Place    | Note
-------+----------+-------------------------------------------
     0 | D:1      | Renzlar the Gnoll Fighter began the quest for the Orb.
     0 | D:1      | Reached XP level 1. HP: 23/23 MP: 1/1
   440 | D:1      | Reached XP level 2. HP: 26/29 MP: 2/2
   914 | D:2      | Found a faded altar of an unknown god.
  1299 | D:2      | Reached XP level 3. HP: 33/35 MP: 2/4
  1366 | D:2      | Reached skill level 1 in Invocations
  1870 | D:3      | Reached skill level 1 in Short Blades
  1870 | D:3      | Reached skill level 1 in Long Blades
  1870 | D:3      | Reached skill level 1 in Maces & Flails
  1870 | D:3      | Reached skill level 1 in Polearms
  1870 | D:3      | Reached skill level 1 in Staves
  1870 | D:3      | Reached skill level 1 in Ranged Weapons
  1870 | D:3      | Reached skill level 1 in Throwing
  1870 | D:3      | Reached skill level 1 in Dodging
  1870 | D:3      | Reached skill level 1 in Stealth
  1870 | D:3      | Reached skill level 1 in Unarmed Combat
  1870 | D:3      | Reached skill level 1 in Spellcasting
  1870 | D:3      | Reached skill level 1 in Evocations
  1910 | D:3      | Reached XP level 4. HP: 40/41 MP: 5/5
  2007 | D:3      | Reached skill level 1 in Conjurations
  2007 | D:3      | Reached skill level 1 in Hexes
  2007 | D:3      | Reached skill level 1 in Summonings
  2007 | D:3      | Reached skill level 1 in Necromancy
  2007 | D:3      | Reached skill level 1 in Translocations
  2007 | D:3      | Reached skill level 1 in Transmutations
  2007 | D:3      | Reached skill level 1 in Fire Magic
  2007 | D:3      | Reached skill level 1 in Ice Magic
  2007 | D:3      | Reached skill level 1 in Air Magic
  2007 | D:3      | Reached skill level 1 in Earth Magic
  2007 | D:3      | Reached skill level 1 in Poison Magic
  2046 | D:3      | Noticed Grinder
  2056 | D:3      | Paralysed by Grinder for 4 turns
  2061 | D:3      | Killed from afar by Grinder

Illustrated notes

Levels and vault maps discovered:
D:1:      dpeg_arrival_leaves_temple_mockup, layout_basic
D:2:      layout_basic, hellmonk_ecumenical_altar_run_dry, serial_glass,
          glass_columns_c, glass_columns_a
D:3:      layout_loops_ring, uniq_grinder

Skill      XL: |  1  2  3  4 |
---------------+-------------+-----
Invocations    | 1 |  1.3
Short Blades   | 1 |  1.2
Long Blades    | 1 |  1.2
Maces & Flails | 1 |  1.2
Polearms       | 1 |  1.2
Staves         | 1 |  1.2
Ranged Weapons | 1 |  1.2
Throwing       | 1 |  1.2
Dodging        | 1 |  1.2
Stealth        | 1 |  1.2
Unarmed Combat | 1 |  1.2
Spellcasting   | 1 |  1.2
Evocations     | 1 |  1.2
Conjurations   | 1 |  1.0
Hexes          | 1 |  1.0
Summonings     | 1 |  1.0
Necromancy     | 1 |  1.0
Translocations | 1 |  1.0
Transmutations | 1 |  1.0
Fire Magic     | 1 |  1.0
Ice Magic      | 1 |  1.0
Air Magic      | 1 |  1.0
Earth Magic    | 1 |  1.0
Poison Magic   | 1 |  1.0
Fighting       | |  6.6
Axes           | |  4.6
Armour         | |  6.6
Shields        | |  6.6

Action                   |  1- 3 |  4- 6 || total
-------------------------+-------+-------++-------
Melee: War axe           |    54 |    33 ||    87
       Bite              |     2 |     3 ||     5
 Fire: Sling             |    33 |     5 ||    38
  Use: Scroll            |     5 |       ||     5
       Potion            |       |     1 ||     1
Armor: Scale mail        |    21 |    11 ||    32
Dodge: Dodged            |    15 |     5 ||    20
Block: Tower shield      |    20 |    24 ||    44
       Buckler           |     4 |       ||     4
